 Dungeon Crawl Stone Soup version 0.25.1-2-g60ff931df9 (webtiles) character file.

Game seed: 2442603336768808444

60788 Martska the Fighter (level 14, 0/129 HPs)
             Began as a Minotaur Fighter on Oct 1, 2020.
             Was a High Priest of the Shining One.
             Killed from afar by a raiju (23 damage)
             ... with a living lightning
             ... summoned by a shadow demon
             ... on level 2 of the Abyss.
             The game lasted 01:13:48 (20476 turns).

Martska the Fighter (Minotaur Fighter)             Turns: 20476, Time: 01:13:51

Health: 0/129      AC: 26    Str: 27    XL:     14   Next: 58%
Magic:  18/20      EV: 18    Int:  5    God:    the Shining One [*****.]
Gold:   5843       SH: 10    Dex: 14    Spells: 13/13 levels left

rFire    . . .     SeeInvis .   O - +0 battleaxe
rCold    . . .     Gourm    .   (shield currently unavailable)
rNeg     + + +     Faith    .   a - +6 scale mail of Hiti {+Inv rN+ Str+2}
rPois    .         Spirit   .   (helmet restricted)
rElec    .         Reflect  .   y - +0 cloak
rCorr    .         Harm     .   H - +2 pair of gloves {Str+3}
MR       +....                  I - +0 pair of boots
Stlth    ..........             K - amulet of regeneration
HPRegen  0.71/turn              e - +4 ring of protection
MPRegen  0.17/turn              V - +4 ring of slaying

@: divine shield, glowing
A: retaliatory headbutt, horns 2
a: Divine Shield, Cleansing Flame, Summon Divine Warrior, Renounce Religion,
Evoke Invisibility


You were on level 2 of the Abyss.
You worshipped the Shining One.
The Shining One was extremely pleased with you.
You were not hungry.

You visited 3 branches of the dungeon, and saw 21 of its levels.
You visited the Abyss 1 time.
You also visited: Sewer and Bailey.

You collected 5843 gold pieces.

Inventory:

Hand Weapons
 t - the +4 spear "Watauf" {flame, rElec rPois rF+ Str+2, unknown}
   (You found it on level 9 of the Dungeon)

   It has been specially enchanted to burn those struck by it, causing extra
   injury to most foes and up to half again as much damage against particularly
   susceptible opponents.
   It affects your strength (+2).
   It protects you from fire.
   It insulates you from electricity.
   It protects you from poison.
 x - a +1 whip of venom
 O - a +0 battleaxe (weapon)
 X - the +8 great mace "Conservator" {distort, Int+3 SInv}
   (You found it on level 14 of the Dungeon)

   It warps and distorts space around it.
   Unwielding it can cause banishment or high damage.
   It affects your intelligence (+3).
   It lets you see invisible.
Armour
 a - the +6 scale mail of Hiti (worn) {+Inv rN+ Str+2}
   (You found it on level 10 of the Dungeon)

   It affects your strength (+2).
   It protects you from negative energy.
   It lets you turn invisible.
 c - a +0 kite shield
 j - a +2 chain mail of cold resistance
 y - a +0 cloak (worn)
 H - a +2 pair of gloves of strength (worn)
 I - a +0 pair of boots (worn)
 P - a +0 plate armour
Jewellery
 e - a +4 ring of protection (left hand)
 i - an uncursed ring of stealth
 E - an uncursed ring of poison resistance
 K - an amulet of regeneration (around neck)
 Q - an uncursed ring of protection from cold
 V - a +4 ring of slaying (right hand)
Wands
 b - a wand of polymorph (4)
 C - a wand of random effects (28)
 D - a wand of acid (8)
 S - a wand of paralysis (23)
 U - a wand of digging (7)
Scrolls
 g - 5 scrolls of immolation
 l - 4 scrolls of teleportation
 n - a scroll of brand weapon
 p - 4 scrolls of enchant weapon
 u - 4 scrolls of remove curse
 v - 5 scrolls of enchant armour
 z - a scroll of random uselessness {unknown}
 A - 4 scrolls of fear
 G - 2 scrolls of fog
 J - 3 scrolls of magic mapping
 N - a scroll of identify
 T - a scroll of silence {unknown}
 W - a scroll of vulnerability {unknown}
 Z - 2 scrolls of blinking
Potions
 d - 2 potions of lignification
 h - 4 potions of invisibility
 k - 2 potions of heal wounds
 m - a potion of flight {unknown}
 o - 2 potions of ambrosia
 q - 2 potions of brilliance
 r - 3 potions of curing
 s - a potion of might
 w - 4 potions of stabbing
 B - 5 potions of haste
 F - 3 potions of cancellation
 L - a potion of mutation {unknown}
 M - 2 potions of berserk rage {unknown}
Miscellaneous
 R - a phial of floods
 Y - a box of beasts
Comestibles
 f - 32 rations


   Skills:
 * Level 13.6 Fighting
 * Level 13.3 Axes
 * Level 13.4 Armour
 * Level 12.1 Dodging
 - Level 3.6 Shields
 + Level 10.2 Invocations
 + Level 8.2 Evocations


You had 13 spell levels left.
You didn't know any spells.
Your spell library contained the following spells:

 Spells                   Type           Power        Failure   Level  Hunger
 Corona                   Hex            #......      67%         1    ##.....
 Magic Dart               Conj           #...         67%         1    ##.....
 Shock                    Conj/Air       #...         67%         1    ##.....
 Summon Butterflies       Summ           #.......     67%         1    ##.....
 Blink                    Tloc           N/A          82%         2    ###....
 Call Imp                 Summ           #.......     82%         2    ###....
 Slow                     Hex            #.......     82%         2    ###....
 Swiftness                Chrm/Air       #.......     82%         2    ###....
 Call Canine Familiar     Summ           #.......     96%         3    ####...
 Conjure Flame            Conj/Fire      #.......     96%         3    ####...
 Inner Flame              Hex/Fire       #.......     96%         3    ####...
 Mephitic Cloud           Conj/Pois/Air  #.......     96%         3    ####...
 Portal Projectile        Hex/Tloc       #.....       96%         3    ####...
 Static Discharge         Conj/Air       #.......     96%         3    ####...
 Airstrike                Air            #.........   100%        4    #####..
 Cause Fear               Hex            #.........   100%        4    #####..
 Leda's Liquefaction      Hex/Erth       #.........   100%        4    #####..
 Summon Ice Beast         Ice/Summ       #.......     100%        4    #####..
 Lightning Bolt           Conj/Air       #.........   100%        5    ######.
 Summon Mana Viper        Hex/Summ       #.......     100%        5    ######.
 Haunt                    Necr/Summ      #.........   100%        7    #######
 Summon Hydra             Summ           #.........   100%        7    #######
 Borgnjor's Revivificati  Necr           #.........   100%        8    #######
 Death's Door             Chrm/Necr      #.........   100%        8    #######
 Infestation              Necr           #.........   100%        8    #######
 Necromutation            Tmut/Necr      #.........   100%        8    #######


Dungeon Overview and Level Annotations

Branches:
Dungeon (14/15)            Temple (1/1) D:4            Lair (6/6) D:8
  Swamp (0/4) Lair:3       Spider (0/4) Lair:4        Slime (0/5) Lair:5
    Orc (0/2) D:9          Vaults (0/5) D:13          Sewer (visited)
 Bailey (visited)

Altars:
Ashenzari
Cheibriados
Dithmenos
Elyvilon
Fedhas
Gozag
Hepliaklqana
Kikubaaqudgha
Makhleb
Nemelex Xobeh
Okawaru
Qazlal
Ru
Sif Muna
Trog
Uskayaw
Vehumet
Wu Jian
Xom
Yredelemnul
Zin
The Shining One

Shops:
D:6 [   D:11 %

Annotations:
D:5 3 runed translucent doors, DildoBatman's ghost, novice FoWz


Innate Abilities, Weirdness & Mutations

You reflexively headbutt those who attack you in melee.
You have a pair of horns on your head.


Message History

You kill the quasit!
The raiju bursts into living lightning!
The living lightning hits you!
* * * LOW HITPOINT WARNING * * *
The raiju blinks!
You slice the raiju!!
You kill the raiju!
The raiju's corpse dissolves into shadows!
The raiju misses you.
The raiju bursts into living lightning!
The living lightning misses you.
The living lightning hits the raiju.
The raiju completely resists.
The raiju blinks!
You closely miss the raiju. You block the raiju's attack.
You slice the raiju!!
The raiju is almost dead.
The raiju bursts into living lightning!
The living lightning hits you!
* * * LOW HITPOINT WARNING * * *
The living lightning hits you!!
You die...

## # .## ..# . #
..##..## ..
.#.##h..#..#.. .
.....#...... #
..#..#..h#.##.#
. #...@.#...#.#
##.#$...# ...
.....##.#....#
##.#..#......###
#..#...>..##..
..#...#2..# ..#
. .#.#..#
.#.h..#. ...# v
.#.... .
.4#..#..#. .
##.. ...
#...#.#...


You could see a shadow demon, an orange demon (summoned) and 3 raiju.

Vanquished Creatures
  A lorocyproca (Abyss:2)
  Harold (D:8)
  A yaktaur captain (D:13)
  A great orb of eyes (Abyss:2)
  Erica (D:8)
  5 hydras
  4 catoblepae
  2 centaur warriors (D:13)
  A two-headed ogre (D:12)
  14 death yaks
  Nergalle (Lair:1)
  A sixfirhy (Abyss:2)
  Sonja (Lair:2)
  A necromancer (Lair:3)
  2 ugly things
  2 manticores (Lair:6)
  An orc knight (Bailey)
  An orb spider (Lair:4)
  A cyclops (D:12)
  Joseph (D:7)
  9 elephants
  3 black mambas
  Maurice (D:13)
  A torpor snail (Lair:5)
  2 gargoyles
  6 spiny frogs
  2 yaktaurs (D:13)
  3 komodo dragons
  A queen bee (Lair:4)
  2 polar bears (Lair:6)
  Prince Ribbit (D:7)
  3 meliai (Lair:4)
  2 trolls
  8 blink frogs
  2 large abominations (Abyss:2)
  8 hippogriffs
  Sigmund (D:3)
  6 slime creatures
  2 wyverns
  2 wraiths
  35 yaks
  A basilisk (Lair:1)
  4 hungry ghosts
  Menkaure (D:7)
  6 vampire mosquitoes (Lair:3)
  6 water moccasins
  2 porcupines
  An acid dragon (D:12)
  14 orc warriors
  A sky beast (D:12)
  6 ice beasts
  2 elephant zombies (Lair:3)
  A necrophage (D:9)
  2 black bears
  A phantom (D:6)
  9 wolves
  11 ogres
  7 centaurs
  6 crocodiles
  A big kobold (D:7)
  14 bullfrogs
  A wyvern zombie (D:10)
  A wyvern skeleton (D:10)
  4 scorpions
  32 killer bees
  7 howler monkeys
  4 electric eels
  7 crimson imps
  2 quasits (D:13)
  A bullfrog zombie (D:11)
  3 centaur zombies
  A basilisk zombie (Lair:3)
  6 hounds
  10 orc priests
  2 bullfrog skeletons (D:5)
  3 centaur skeletons
  8 jellies
  19 orc wizards
  7 iguanas
  13 worker ants
  A killer bee zombie (D:9)
  2 crocodile zombies (Lair:3)
  2 hound zombies (D:10)
  A hound skeleton (D:5)
  3 gnolls (D:3)
  2 howler monkey skeletons
  13 adders
  2 shadow imps (D:10)
  An ufetubus (Abyss:2)
  6 oozes
  An adder zombie (D:9)
  4 worms
  11 leopard geckos
  63 orcs
  5 ball pythons
  17 giant cockroaches
  7 goblins
  5 hobgoblins
  19 jackals
  13 kobolds
  8 quokkas
  7 bats
  8 frilled lizards
  A jackal zombie (D:5)
  11 rats
  A fungus (Lair:2)
584 creatures vanquished.

Vanquished Creatures (collateral kills)
  A spatial maelstrom (Abyss:2)
  A frost giant simulacrum (Abyss:2)
  A ynoxinul (Abyss:2)
3 creatures vanquished.

Vanquished Creatures (others)
  3 fungi
  10 plants
13 creatures vanquished.

Grand Total: 600 creatures vanquished

Notes
Turn   | Place    | Note
-------+----------+-------------------------------------------
     0 | D:1      | Martska the Minotaur Fighter began the quest for the Orb.
     0 | D:1      | Reached XP level 1. HP: 19/19 MP: 0/0
     2 | D:1      | Noticed an ogre
     2 | D:1      | Noticed a naga
     4 | D:1      | Noticed a vampire
     4 | D:1      | Noticed a minotaur
     6 | D:1      | Noticed a dwarf
     6 | D:1      | Noticed a halfling
     8 | D:1      | Noticed a human
     8 | D:1      | Noticed a gargoyle
    10 | D:1      | Noticed a demonspawn
    12 | D:1      | Noticed a felid
    12 | D:1      | Noticed a merfolk
    14 | D:1      | Noticed an octopode
    16 | D:1      | Noticed a draconian
    16 | D:1      | Noticed a spriggan
    18 | D:1      | Noticed a ghoul
    18 | D:1      | Noticed a vine stalker
    22 | D:1      | Noticed an elf
    22 | D:1      | Noticed a tengu
    24 | D:1      | Noticed a troll
    24 | D:1      | Noticed a formicid
    26 | D:1      | Noticed a centaur
    26 | D:1      | Noticed a demigod
   320 | D:1      | Reached XP level 2. HP: 12/27 MP: 1/1
   554 | D:1      | Reached skill level 1 in Dodging
  1056 | D:1      | Reached XP level 3. HP: 31/33 MP: 2/2
  1380 | D:2      | Reached XP level 4. HP: 41/41 MP: 3/3
  1803 | D:3      | Noticed Sigmund
  1809 | D:3      | Killed Sigmund
  1809 | D:3      | Reached skill level 5 in Fighting
  1809 | D:3      | Reached skill level 5 in Armour
  1809 | D:3      | Reached skill level 1 in Evocations
  1809 | D:3      | Reached XP level 5. HP: 45/48 MP: 3/5
  1809 | D:3      | Reached XP level 6. HP: 52/56 MP: 3/6
  2547 | D:3      | Found a glowing silver altar of Zin.
  2974 | D:4      | Found a glowing drain.
  2998 | Sewer    | Entered a sewer
  3084 | Sewer    | Reached XP level 7. HP: 60/61 MP: 7/7
  3211 | Sewer    | Reached skill level 5 in Axes
  3894 | D:4      | Found a staircase to the Ecumenical Temple.
  4352 | D:5      | Entered Level 5 of the Dungeon
  4578 | D:5      | Found a runed translucent gate.
  4580 | D:5      | Found a runed translucent gate.
  4581 | D:5      | Found a runed translucent gate.
  4581 | D:5      | Noticed DildoBatman's ghost (novice FoWz)
  4734 | D:5      | Reached XP level 8. HP: 70/70 MP: 9/9
  4883 | Temple   | Entered the Ecumenical Temple
  4994 | Temple   | Became a worshipper of the Shining One
  5376 | D:5      | Found a radiant altar of Vehumet.
  5386 | D:5      | Reached skill level 1 in Invocations
  5690 | D:6      | Found Deupn's Antique Armour Shop.
  5693 | D:6      | Found an opulent altar of Gozag.
  5757 | D:6      | Reached skill level 5 in Dodging
  6288 | D:6      | Found a basalt altar of Yredelemnul.
  6598 | D:6      | Reached XP level 9. HP: 78/79 MP: 11/11
  6784 | D:7      | Reached * piety under the Shining One
  6806 | D:7      | Noticed Joseph
  6832 | D:7      | Killed Joseph
  6848 | D:7      | Noticed Menkaure
  6856 | D:7      | Killed Menkaure
  6934 | D:7      | Noticed Prince Ribbit
  6945 | D:7      | Killed Prince Ribbit
  7321 | D:8      | Found a bloodstained altar of Trog.
  7337 | D:8      | Reached skill level 5 in Evocations
  7365 | D:8      | Noticed Erica
  7371 | D:8      | Killed Erica
  7371 | D:8      | Reached XP level 10. HP: 77/89 MP: 12/12
  7426 | D:8      | Found a snail-covered altar of Cheibriados.
  7504 | D:8      | Found an ornate altar of the Wu Jian Council.
  7589 | D:8      | Noticed Harold
  7598 | D:8      | Killed Harold
  7785 | D:8      | Found a sparkling altar of Nemelex Xobeh.
  8362 | D:8      | Found a staircase to the Lair.
  8504 | Lair:1   | Entered Level 1 of the Lair of Beasts
  8551 | Lair:1   | Noticed Nergalle
  8555 | Lair:1   | Noticed a spectral orc warlord
  8555 | Lair:1   | Noticed a spiny frog
  8559 | Lair:1   | Killed Nergalle
  8559 | Lair:1   | Reached skill level 5 in Invocations
  8570 | Lair:1   | Killed a spiny frog
  8986 | Lair:1   | Reached ** piety under the Shining One
  9658 | Lair:2   | Noticed Sonja
  9660 | Lair:2   | Killed Sonja
  9687 | Lair:2   | Reached XP level 11. HP: 40/97 MP: 14/14
  9863 | Lair:2   | Noticed a six-headed hydra
  9869 | Lair:2   | Killed a seven-headed hydra
 10009 | Lair:2   | Noticed a death yak
 10009 | Lair:2   | Noticed a death yak
 10010 | Lair:2   | Noticed a death yak
 10011 | Lair:2   | Noticed a death yak
 10022 | Lair:2   | Killed a death yak
 10025 | Lair:2   | Killed a death yak
 10027 | Lair:2   | Killed a death yak
 10027 | Lair:2   | Reached skill level 10 in Fighting
 10027 | Lair:2   | Reached skill level 10 in Armour
 10028 | Lair:2   | Killed a death yak
 10595 | Lair:2   | Reached skill level 10 in Axes
 11149 | Lair:3   | Found a staircase to the Swamp.
 11315 | Lair:3   | Reached XP level 12. HP: 104/107 MP: 16/16
 11483 | Lair:3   | Reached *** piety under the Shining One
 11887 | Lair:4   | Noticed a four-headed hydra
 11909 | Lair:4   | Killed a four-headed hydra
 12353 | Lair:4   | Found a hole to the Spider Nest.
 12937 | Lair:5   | Noticed a six-headed hydra
 12943 | Lair:5   | Killed a six-headed hydra
 13069 | Lair:5   | Noticed a death yak
 13082 | Lair:5   | Killed a death yak
 13281 | Lair:5   | Noticed a catoblepas
 13284 | Lair:5   | Found a staircase to the Slime Pits.
 13306 | Lair:5   | Killed a catoblepas
 13581 | Lair:5   | Reached skill level 10 in Dodging
 13822 | Lair:5   | Noticed a death yak
 13822 | Lair:5   | Noticed a death yak
 13822 | Lair:5   | Noticed a death yak
 13827 | Lair:5   | Killed a death yak
 13831 | Lair:5   | Killed a death yak
 13837 | Lair:5   | Killed a death yak
 14223 | Lair:6   | Entered Level 6 of the Lair of Beasts
 14263 | Lair:6   | Noticed a six-headed hydra
 14264 | Lair:6   | Reached XP level 13. HP: 109/117 MP: 18/18
 15419 | Lair:6   | Reached **** piety under the Shining One
 16464 | Lair:6   | Identified 2 scrolls of acquirement
 16717 | D:9      | Found a hide-covered altar of Uskayaw.
 16968 | D:9      | Found a glowing silver altar of Zin.
 17240 | D:9      | Found a staircase to the Orcish Mines.
 17285 | D:9      | Reached ***** piety under the Shining One
 17550 | D:9      | Got a twisted spear
 17555 | D:10     | Entered Level 10 of the Dungeon
 17558 | D:10     | Acquired a +2 pair of gloves of strength
 17567 | D:10     | Acquired 4720 gold pieces
 17732 | D:10     | Reached XP level 14. HP: 127/127 MP: 20/20
 17915 | D:10     | Got a slimy scale mail
 18334 | D:11     | Found a flagged portal.
 18347 | Bailey   | Entered a bailey
 18377 | Bailey   | Found a burning altar of Makhleb.
 18759 | D:11     | Found Ixoghiw's Food Boutique.
 19109 | D:12     | Identified the +6 scale mail of Hiti {+Inv rN+ Str+2} (You
                  | found it on level 10 of the Dungeon)
 19736 | D:13     | Noticed Maurice
 19740 | D:13     | Killed Maurice
 19740 | D:13     | Reached skill level 10 in Invocations
 20032 | D:13     | Found a gate to the Vaults.
 20359 | D:14     | Got a bloodstained great mace
 20360 | D:14     | Identified the +8 great mace "Conservator" {distort, Int+3
                  | SInv} (You found it on level 14 of the Dungeon)
 20361 | D:14     | Cast into level 2 of the Abyss (unwielding a weapon of
                  | distortion)
 20476 | Abyss:2  | Killed from afar by a raiju

Illustrated notes

Levels and vault maps discovered:
D:1:      kb_arrival_jail, layout_loops_ring, supply_closet_lemuel,
          serial_park_tiny_1
D:2:      layout_loops_cross
D:3:      layout_basic, lemuel_round_altar, hangedman_decor_opposing,
          uniq_sigmund
D:4:      layout_basic, minmay_temple_entry_from_below_a, portal_sewer_entry_f
D:5:      layout_basic, lemuel_round_altar, first_ration, gammafunk_ghost_split
D:6:      layout_gridville, nicolae_gozag_seed_capital, lemuel_doored_altar,
          serial_shops, shop, corner_web_ring, hex_medium
D:7:      layout_basic, uniq_joseph, uniq_prince_ribbit1, uniq_menkaure
D:8:      layout_loops_corners, lemuel_coloured_pillars_altar,
          cheibriados_altar_1, kennysheep_mini_moat, david_lair_shrubbed,
          basic_altar, uniq_erica, uniq_harold
D:9:      layout_loops_ring, kennysheep_little_box, david_orc_4, basic_altar
D:10:     layout_rooms, hangedman_little_slice_of_home
D:11:     layout_small_grid, serial_shops, kennysheep_mini, enter_bailey_3
D:12:     layout_basic
D:13:     layout_basic, david_vaults_2, uniq_maurice
D:14:     layout_cave_pools, infiniplex_staircase_hallway_doors, serial_shops,
          shop_coins
Temple:   eino_narrow_crystal_temple
Lair:1:   layout_cave_pods, nicolae_quartered_pool_medium, serial_bayou_shore_b,
          serial_bayou_shore_a, uniq_nergalle
Lair:2:   layout_chaotic_city, lemuel_fruit_tree, grunt_megastairs_2, uniq_sonja
Lair:3:   pond_and_an_island_with_a_cottage, layout_big_grid,
          minmay_swamp_entry_swarm, serial_bayou_lake_a
Lair:4:   layout_misc_corridors, nicolae_spider_entry_orb_guardian, special_room
          [special_room_bee], grunt_megastairs_4
Lair:5:   beast_lair_carwin_large_2, layout_cave_shapes,
          minmay_slime_entry_pillars, serial_bayou_pond_e
Lair:6:   evilmike_catoblepas_cave, layout_small_grid, minmay_stone_trees_small,
          lemuel_fruit_fields
Abyss:2:  base: D:6, guppyfry_abyss_exit_imp_island,
          guppyfry_abyss_exit_spiral_guarded

Skill      XL: |  1  2  3  4  5  6  7  8  9 10 11 12 13 14 |
---------------+-------------------------------------------+-----
Dodging        | 1 2 3 4 5 6 7 9 10 11 12 | 12.1
Armour         | 4 5 6 7 8 9 10 11 12 13 | 13.4
Fighting       | 4 5 6 7 8 9 10 11 12 13 | 13.6
Axes           | 3 4 5 6 7 9 10 11 12 13 | 13.3
Evocations     | 1 2 3 4 5 6 7 8 |  8.2
Invocations    | 2 4 5 6 8 9 10 | 10.2
Shields        | |  3.6

Action                   |  1- 3 |  4- 6 |  7- 9 | 10-12 | 13-15 || total
-------------------------+-------+-------+-------+-------+-------++-------
Melee: War axe           |   119 |   163 |   256 |       |       ||   538
       Headbutt          |    16 |    20 |    60 |    66 |   145 ||   307
       Battleaxe         |       |       |    14 |   329 |   531 ||   874
       Whip              |       |       |       |    13 |    10 ||    23
Invok: Divine Shield     |       |       |       |     3 |     2 ||     5
       Summon Divine War |       |       |       |       |     1 ||     1
Evoke: Wand              |       |       |     5 |     9 |     7 ||    21
  Use: Potion            |       |     1 |     2 |     5 |     6 ||    14
       Scroll            |       |       |     7 |     8 |    15 ||    30
  Eat: Chunk             |     2 |     5 |     8 |     8 |    17 ||    40
       Ration            |       |       |     2 |     5 |     3 ||    10
Armor: Scale mail        |    10 |       |       |       |    53 ||    63
       Chain mail        |    67 |   100 |    90 |   315 |   246 ||   818
Dodge: Dodged            |    30 |    42 |    79 |   318 |   532 ||  1001
Block: Kite shield       |    78 |    82 |   120 |       |       ||   280
       Other             |       |       |       |    12 |     5 ||    17
